 Dungeon Crawl Stone Soup version 0.26-a0-651-gb41185065b (webtiles) character file.

Game seed: 5236147437652480824

29 Gargoyl the Skirmisher (level 3, -7/31 HPs)
             Began as a Gnoll Abyssal Knight on Sept 30, 2020.
             Was a Follower of Lugonu.
             Mangled by a worm (10 damage)
             ... on level 2 of the Dungeon.
             The game lasted 00:01:45 (876 turns).

Gargoyl the Skirmisher (Gnoll Abyssal Knight)        Turns: 876, Time: 00:01:46

Health: -7/31      AC:  3    Str: 15    XL:     3   Next: 16%
Magic:  6/6        EV: 12    Int: 14    God:    Lugonu [*.....]
Gold:   76         SH:  0    Dex: 14    Spells: 3/3 levels left

rFire    . . .     SeeInvis .   a - +1 hand axe
rCold    . . .     Faith    .   (no shield)
rNeg     . . .     Spirit   .   b - +0 leather armour
rPois    .         Reflect  .   (no helmet)
rElec    .         Harm     .   (no cloak)
rCorr    .         Rampage  .   (no gloves)
MR       .....                  (no boots)
Stlth    +.........             e - amulet of regeneration
HPRegen  0.50/turn              (no ring)
MPRegen  0.10/turn              (no ring)

@: no status effects
A: distributed training, fangs 1, frail 1, strong nose
a: Depart the Abyss, Renounce Religion


You were on level 2 of the Dungeon.
You worshipped Lugonu.
Lugonu was aware of your devotion.
You visited 1 branch of the dungeon, and saw 2 of its levels.
You visited the Abyss 1 time.

You collected 76 gold pieces.

Inventory:

Hand Weapons
 a - a +1 hand axe (weapon)
 d - a +3 arbalest
Armour
 b - a +0 leather armour (worn)
Jewellery
 e - an amulet of regeneration (around neck)
Scrolls
 f - a scroll of teleportation
 g - a scroll of fog {unknown}
 h - a scroll of identify {unknown}
 i - a scroll of blinking {unknown}
Potions
 c - a potion of stabbing
 j - a potion of mutation {unknown}


   Skills:
 + Level 6.5 Fighting
 + Level 0.6 Short Blades
 + Level 0.6 Long Blades
 + Level 4.5 Axes
 + Level 0.6 Maces & Flails
 + Level 0.6 Polearms
 + Level 0.6 Staves
 + Level 0.6 Slings
 + Level 0.6 Bows
 + Level 0.6 Crossbows
 + Level 0.6 Throwing
 + Level 4.5 Armour
 + Level 2.5 Dodging
 + Level 0.6 Stealth
 + Level 0.6 Shields
 + Level 0.6 Unarmed Combat
 + Level 0.6 Spellcasting
 + Level 0.4 Conjurations
 + Level 0.4 Hexes
 + Level 0.4 Summonings
 + Level 0.4 Necromancy
 + Level 0.4 Translocations
 + Level 0.4 Transmutations
 + Level 0.4 Fire Magic
 + Level 0.4 Ice Magic
 + Level 0.4 Air Magic
 + Level 0.4 Earth Magic
 + Level 0.4 Poison Magic
 + Level 4.5 Invocations
 + Level 0.6 Evocations


You had 3 spell levels left.
You didn't know any spells.
Your spell library was empty.

Dungeon Overview and Level Annotations

Branches:
Dungeon (2/15)

Altars:


Innate Abilities, Weirdness & Mutations

Your experience applies equally to all skills.
You have very sharp teeth.
Your uncanny sense of smell can sniff out nearby items.
You are frail. (-10% HP)


Message History

Lugonu accepts your kill.
Things that are here:
a +0 short sword; a kobold corpse; a dart slug corpse The worm bites you!
You hit the worm.
The worm is lightly wounded.
You hit the worm.
The worm is moderately wounded.
The worm bites you.
* * * LOW HITPOINT WARNING * * *
You hit the worm.
The worm is moderately wounded.
The worm bites you.
* * * LOW HITPOINT WARNING * * *
You hit the worm.
The worm is heavily wounded.
You barely miss the worm.
The worm is heavily wounded.
The worm bites you!
You die...

##########
#........#
#...)<...#
#.w@)....#
...!.............
.............####
.?..#.########
...... ...... ∆
..!.## ...


You could see a worm.

Vanquished Creatures
  An ooze (D:1)
  A dart slug (D:2)
  2 leopard geckos (D:1)
  3 bats (D:1)
  A giant cockroach (D:1)
  2 goblins
  3 hobgoblins (D:1)
  3 kobolds
  5 rats (D:1)
21 creatures vanquished.

Vanquished Creatures (others)
  4 starspawn tentacles (Abyss:2)
4 creatures vanquished.

Grand Total: 25 creatures vanquished

Notes
Turn   | Place    | Note
-------+----------+-------------------------------------------
     0 | Abyss:1  | Gargoyl the Gnoll Abyssal Knight began the quest for the
                  | Orb.
     0 | Abyss:1  | Reached XP level 1. HP: 23/23 MP: 3/3
    36 | Abyss:2  | Noticed a tentacled starspawn
   106 | Abyss:2  | Noticed a spatial vortex
   106 | Abyss:2  | Noticed a spatial vortex
   121 | Abyss:2  | Noticed a jelly
   142 | Abyss:2  | Noticed a neqoxec
   142 | Abyss:2  | Gained mutation: You are frail. (-10% HP) [a neqoxec]
   144 | Abyss:2  | Noticed an ancient zyme
   147 | Abyss:2  | Noticed a raiju
   160 | Abyss:2  | Noticed a white very ugly thing
   162 | D:1      | Escaped the Abyss
   366 | D:1      | Reached XP level 2. HP: 19/26 MP: 5/5
   399 | D:1      | Reached * piety under Lugonu
   813 | D:1      | Reached XP level 3. HP: 30/31 MP: 6/6
   876 | D:2      | Mangled by a worm

Illustrated notes

Levels and vault maps discovered:
D:1:      dpeg_arrival_stone_temple_mockup, layout_loops_ring
D:2:      layout_rooms, dancing_weapons_uskayaw

Action                   || total
-------------------------++-------
Melee: Hand axe          ||    68
       Bite              ||     7
Invok: Depart the Abyss  ||     1
  Use: Scroll            ||     3
       Potion            ||     1
 Stab: Sleeping          ||     1
Armor: Leather armour    ||    14
Dodge: Dodged            ||    31

Table legend: (Time is in decaauts)
 A = Elapsed time spent in this place.
 B = Non-inter-level travel time spent in this place.
 C = Inter-level travel time spent in this place.
 D = Time resting spent in this place.
 E = Time spent auto-exploring this place.
 F = Levels seen in this place.
 G = Mean time per level.
                   A        B        C        D        E       F      G
               +--------+--------+--------+--------+--------+-----+--------+
         Total |    879 |    852 |     27 |     70 |    494 |   4 |  219.8 |
       Dungeon |    717 |    690 |     27 |     70 |    427 |   2 |  358.5 |
         Abyss |    161 |    161 |      0 |      0 |     67 |   2 |   80.5 |
               +--------+--------+--------+--------+--------+-----+--------+

Top non-repeatable levels by time:
     D:1: 693 daAuts
 Abyss:2: 142 daAuts
     D:2: 23 daAuts
 Abyss:1: 19 daAuts
